 Dungeon Crawl Stone Soup version 0.31-a0-117-g42d8f58691 (webtiles) character file.

Game seed: 9882333763247581672

18 MackTheKnife the Cutter (level 2, 0/16 HPs)
             Began as a Vine Stalker Berserker on May 30, 2023.
             Was a Follower of Trog.
             Succumbed to an adder's poison
             ... on level 1 of the Dungeon.
             The game lasted 00:00:58 (190 turns).

MackTheKnife the Cutter (Vine Stalker Berserker)     Turns: 190, Time: 00:00:59

Health: 0/16       AC:  5    Str: 19    XL:     2   Next: 70%
Magic:  1/3        EV: 11    Int:  7    God:    Trog [*.....]
Gold:   6          SH:  0    Dex: 13    Spells: 1/1 levels left

rFire   . . .        e - +0 dagger (elec) {short}
rCold   . . .        (no shield)
rNeg    . . .        g - +0 ring mail
rPois   .            (no helmet)
rElec   .            (no cloak)
rCorr   .            (no gloves)
SInv    .            (no boots)
Will    .....        (no amulet)
Stlth   +            (no ring)
HPRegen 0.22/turn    (no ring)
MPRegen 0.08/turn

%: guardian spirit
@: lethally poisoned (0 -> -3)
A: fangs 2, magic shield, antimagic bite, no potion heal 2
a: Renounce Religion, Berserk


You were on level 1 of the Dungeon.
You worshipped Trog.
Trog was aware of your devotion.
You visited 1 branch of the dungeon, and saw 2 of its levels.

You collected 6 gold pieces.


Innate Abilities, Weirdness & Mutations

You have extremely sharp teeth.
When hurt, damage is shared between your health and your magic reserves.
Your bite disrupts and absorbs the magic of your enemies.
Potions cannot restore your health.


   Skills:
 - Level 2.6 Fighting
 + Level 3.5 Short Blades
 - Level 1.5 Armour
 - Level 1.5 Dodging


You had one spell level left.
You didn't know any spells.
Your spell library was empty.

Inventory:

Hand Weapons
 e - a +0 dagger of electrocution (weapon) {short}
   (You took it off a goblin on level 1 of the Dungeon)
Armour
 g - a +0 ring mail (worn)
   (You found it on level 1 of the Dungeon)
Scrolls
 c - 2 scrolls of teleportation {unknown}
 d - a scroll of magic mapping {unknown}
 f - a scroll of immolation {unknown}

Dungeon Overview and Level Annotations

Branches:
Dungeon (2/15) Zot: 11808

Altars:

#...............#.###
#...........)...#)#
##.....#.#.##.....##
........)..........##.
##.......#.#............
#.........#........#....
.........#..............
##.................#....
......#.#@###..#####....
####....#.# #.## ..
#.....J###.#
...#...>.##.#
####..##.#..# #...##
..... ...## ..## ... ###
##


You could see an endoplasm.


Message History

Keep disrobing? [Y]es or [N]o only, please.
Keep disrobing? [Y]es or [N]o only, please.
Keep disrobing? [Y]es or [N]o only, please.
Keep disrobing? [Y]es or [N]o only, please.
Keep disrobing?
You stop removing your armour.
You hit the bat but do no damage. The bat hits you but does no damage.
The bat closely misses you. The bat hits you but does no damage.
You closely miss the bat. Your bite misses the bat. The bat hits you. 😕 HP[-1]
You take 1 damage, and now have 15/16 hp.
You hit the bat. Lightning courses through the bat!
You kill the bat!
Trog accepts your kill.
No target in view!
No target in view!
You start removing your armour.
You continue taking off your +0 animal skin. x4
You finish taking off your +0 animal skin.
You start putting on your armour.
You continue putting on your +0 ring mail. x5
You finish putting on your +0 ring mail. 😎 HP[+1]
Your hp is fully restored (16).
You drop a +0 animal skin.
You drop a +0 short sword {short}.
There is a stone staircase leading down here.
You climb downwards.
The adder hisses angrily.
The endoplasm quivers.
There is a stone staircase leading up here.
An endoplasm comes into view.
Found a stone staircase leading up.
A jackal comes into view.
There is a stone staircase leading up here.
The jackal barks!
You hear a bark!
You hear a shout!
A jackal comes into view.
A rat comes into view.
You closely miss the adder. You bite the adder. You drain its power.
The adder bites you. 😕 HP[-1]
You take 1 damage, and now have 15/16 hp.
You miss the adder. The adder bites you.
The endoplasm jiggles.
A jackal comes into view. 😕 HP[-1]
You take 1 damage, and now have 14/16 hp.
You miss the adder.
The jackal barks!
The adder bites you but does no damage. The endoplasm freezes you.
You are frozen. 😮 HP[-2] MP[-1]
You take 2 damage, and now have 12/16 hp.
You lost 1 mp, and now have 2/3 mp.
You are too injured to fight recklessly!
The adder bites you but does no damage. The endoplasm hits you.
The adder bites you.
You climb upwards.
There is a stone staircase leading down here. 😮 HP[-2] MP[-1]
You take 2 damage, and now have 10/16 hp.
You lost 1 mp, and now have 1/3 mp.
Unknown command.
The endoplasm freezes you.
You are frozen.
* * * LOW HITPOINT WARNING * * *
😨 HP[-5]
You take 5 damage, and now have 5/16 hp.
MASSIVE DAMAGE!! (PAUSE) Unknown command.
You hit the adder. The adder bites you.
* * * LOW HITPOINT WARNING * * *
You are lethally poisoned!
The adder poisons you! The adder closely misses you. 😱 HP[-1]
You take 1 damage, and now have 4/16 hp.
You hit the adder but do no damage. Your bite misses the adder.
* * * LOW HITPOINT WARNING * * *
You feel sick. The adder barely misses you. 😱 HP[-2]
You take 2 damage, and now have 2/16 hp.
Unknown command.
You barely miss the adder. Your bite misses the adder.
* * * LOW HITPOINT WARNING * * *
You feel sick.
The adder bites you but does no damage. 😱 HP[-1]
You take 1 damage, and now have 1/16 hp.
Unknown command.
Okay, then.
Unknown command.
You hit the adder. The adder barely misses you.
You hit the adder. Lightning courses through the adder!
You kill the adder!
Trog accepts your kill.
You die...

Skill      XL: |  1 |
---------------+----+-----
Short Blades   | 3 |  3.5
Fighting       | |  2.6
Armour         | |  1.5
Dodging        | |  1.5

Action                     || total
---------------------------++-------
  Melee: Short sword       ||    30
         Bite              ||     8
         Punch             ||     1
         Dagger            ||    21
 Invoke: Berserk           ||     1
 Armour: Animal skin       ||    13
         Ring mail         ||     3
  Dodge: Dodged            ||    37

Levels and vault maps discovered:
D:1:      dpeg_arrival_tiny_h, layout_rooms
D:2:      layout_rooms, minivault_24, uniq_crazy_yiuf_cottage

Notes
Turn   | Place    | Note
-------+----------+-------------------------------------------
     0 | D:1      | MackTheKnife the Vine Stalker Berserker began the quest for
                  | the Orb.
     0 | D:1      | Reached XP level 1. HP: 11/11 MP: 2/2
     0 | D:1      | magus.rc [v1.9.6]
    33 | D:1      | HP: 1/11 [dart slug (2)]
    35 | D:1      | Reached skill level 3 in Short Blades
    68 | D:1      | Reached XP level 2. HP: 11/16 MP: 3/3
   186 | D:1      | HP: 4/16 [adder (2)]
   188 | D:1      | HP: 1/16 [poisoned by an adder]
   190 | D:1      | Succumbed to an adder's poison

Vanquished Creatures
  An adder (D:1)
  A dart slug (D:1)
  3 bats (D:1)
  3 endoplasms (D:1)
  4 goblins (D:1)
  A hobgoblin (D:1)
  A kobold (D:1)
  A rat (D:1)
15 creatures vanquished.

Table legend:
 A = Non-vault XP
 B = Vault XP
 C = Vault XP percentage of total XP
 D = Non-vault monster count
 E = Vault monster count
 F = Vault count percentage of total count
                 A         B        C        D         E       F
            +---------+---------+-------+---------+---------+-------
      Total |      40 |       0 |   0.0 |      15 |       0 |   0.0
            +---------+---------+-------+---------+---------+-------
        D:1 |      40 |       0 |   0.0 |      15 |       0 |   0.0
            +---------+---------+-------+---------+---------+-------

Skill      XL: |  1 |
---------------+----+-----
Short Blades   | 3 |  3.5
Fighting       | |  2.6
Armour         | |  1.5
Dodging        | |  1.5

Action                     || total
---------------------------++-------
  Melee: Short sword       ||    30
         Bite              ||     8
         Punch             ||     1
         Dagger            ||    21
 Invoke: Berserk           ||     1
 Armour: Animal skin       ||    13
         Ring mail         ||     3
  Dodge: Dodged            ||    37

Illustrated notes

Table legend:
 A = Kills in this place as a percentage of kills in the entire game.
 B = Kills by you in this place as a percentage of kills by you in the entire game.
 C = Kills by friends in this place as a percentage of kills by friends in the entire game.
 D = Other kills in this place as a percentage of other kills in the entire game.
 E = Experience gained in this place as a percentage of experience gained in the entire game.
 F = Experience gained in this place divided by the number of levels of this place that you have seen.
                   A       B       C       D       E      F
               +-------+-------+-------+-------+-------+----------------------
         Total | 100.0 | 100.0 |   N/A |   N/A | 100.0 |  20.0
       Dungeon | 100.0 | 100.0 |   N/A |   N/A | 100.0 |  20.0
               +-------+-------+-------+-------+-------+----------------------

Table legend: (Time is in decaauts)
 A = Elapsed time spent in this place.
 B = Non-inter-level travel time spent in this place.
 C = Inter-level travel time spent in this place.
 D = Time resting spent in this place.
 E = Time spent auto-exploring this place.
 F = Levels seen in this place.
 G = Mean time per level.
                   A        B        C        D        E       F      G
               +--------+--------+--------+--------+--------+-----+--------+
         Total |    191 |    191 |      0 |      0 |      8 |   2 |   95.5 |
       Dungeon |    191 |    191 |      0 |      0 |      8 |   2 |   95.5 |
               +--------+--------+--------+--------+--------+-----+--------+

Top non-repeatable levels by time:
     D:1: 182 daAuts
     D:2: 9 daAuts
